 Dungeon Crawl Stone Soup version 0.21-a0-286-g6fcecc0 (webtiles) character file.

165 tidbits the Insei (level 5, 28/45 HPs)
             Began as a Draconian Monk on Sept 27, 2017.
             Was a Follower of Uskayaw.
             Quit the game on level 6 of the Dungeon.
             The game lasted 00:06:05 (965 turns).

tidbits the Insei (Draconian Monk)                   Turns: 965, Time: 00:06:06

Health: 28/45      AC:  5    Str: 13    XL:     5   Next: 22%
Magic:  5/5        EV: 13    Int: 12    God:    Uskayaw [*.....]
Gold:   126        SH:  0    Dex: 13    Spells: 4/4 levels left

rFire    . . .     SeeInvis .     - Unarmed
rCold    . . .     Gourm    .   (no shield)
rNeg     + . .     Faith    .   (armour unavailable)
rPois    .         Spirit   .   (helmet restricted)
rElec    .         Reflect  .   (no cloak)
rCorr    .         Harm     .   (no gloves)
MR       +....                  (no boots)
Stlth    ++........             (no amulet)
HPRegen  0.15/turn              q - ring of positive energy
MPRegen  0.09/turn              l - ring of protection from magic

@: no status effects
A: unfitting armour, cold-blooded, AC +5
a: Stomp, Renounce Religion


You were on level 6 of the Dungeon.
You worshipped Uskayaw.
Uskayaw was noncommittal.
You were hungry.

You visited 1 branch of the dungeon, and saw 6 of its levels.

You collected 126 gold pieces.

Inventory:

Hand Weapons
 c - a +1 mace of protection
   (You found it on level 1 of the Dungeon)
 t - a +0 dagger of venom
   (You took it off a kobold on level 4 of the Dungeon)
Magical Staves
 s - an uncursed staff of death
   (You found it on level 3 of the Dungeon)
Jewellery
 l - a ring of protection from magic (right hand)
   (You took it off a hobgoblin on level 2 of the Dungeon)
 q - a ring of positive energy (left hand)
   (You found it on level 2 of the Dungeon)
Scrolls
 d - 2 scrolls of remove curse
 i - a scroll of enchant armour {unknown}
 j - a scroll of blinking {unknown}
 n - a scroll of enchant weapon {unknown}
 o - a scroll of fear {unknown}
 p - 2 scrolls of identify {unknown}
 r - a scroll of random uselessness {unknown}
Potions
 b - a potion of curing {unknown}
 e - a potion of berserk rage
 g - 2 potions of flight {unknown}
 h - 2 potions of heal wounds {unknown}
 k - a potion of magic {unknown}
Comestibles
 a - 3 bread rations
 f - 3 meat rations


   Skills:
 + Level 3.2 Fighting
 + Level 2.6 Dodging
 - Level 1.7 Stealth
 * Level 6.0 Unarmed Combat


You had 4 spell levels left.
You didn't know any spells.

Dungeon Overview and Level Annotations

Branches:
Dungeon (6/15)
 Temple: D:4-7

Altars:
Ashenzari
Fedhas
Qazlal
Uskayaw


Innate Abilities, Weirdness & Mutations

Your plain brown scales are hard. (AC +5)
You cannot fit into any form of body armour.
You are cold-blooded and may be slowed by cold attacks.


Message History

Found 15 gold pieces.
There is a stone staircase leading up here.
You hit the kobold.
You kill the kobold!
You now have 97 gold pieces (gained 8).
Things that are here:
a dagger of venom; a kobold corpse
t - a dagger of venom
Found a stone staircase leading down.
Found 13 stones.
A phantom comes into view.
You see here 15 gold pieces.
The phantom blinks!
You see here 15 gold pieces.
You now have 112 gold pieces (gained 15).
You closely miss the phantom.
It was a potion of berserk rage.
A red film seems to cover your vision as you go berserk!
You feel yourself moving faster!
You feel mighty! The phantom hits you!
The phantom blinks!
You feel a strong urge to attack something.
You punch the phantom!
Your tail-slap misses the phantom.
You punch the phantom.
The phantom is heavily damaged.
The phantom hits you!
* * * LOW HITPOINT WARNING * * *
You closely miss the phantom.
The phantom is heavily damaged.
You hit the phantom. You tail-slap the phantom.
The phantom is severely damaged.
The phantom barely misses you.
You hit the phantom.
The phantom is severely damaged.
You hit the phantom.
The phantom is almost destroyed.
The phantom closely misses you.
You barely miss the phantom.
The phantom is almost destroyed.
The phantom hits you.
* * * LOW HITPOINT WARNING * * *
You hit the phantom. You tail-slap the phantom.
You destroy the phantom!
Your Unarmed Combat skill increases to level 6!
You have reached level 5!
You feel a strong urge to attack something.
You are no longer berserk.
You pass out from exhaustion.
You feel yourself slow down.
You can move again.
Wield which item (- for none, * to show all)? (? for menu, Esc to quit)
a - 3 bread rations (in hand)
You swing at nothing.
You swing at nothing.
You swing at nothing.
You swing at nothing.
You swing at nothing.
You swing at nothing.
You swing at nothing.
You swing at nothing.
You swing at nothing.
You swing at nothing.
You swing at nothing.
You swing at nothing.
You swing at nothing.
You swing at nothing.
You swing at nothing.
You swing at nothing.
You feel yourself speed up.
Wield which item (- for none, * to show all)? (? for menu, Esc to quit)
Your +0 dagger of venom begins to drip with poison!
t - a +0 dagger of venom (weapon)
Wield which item (- for none, * to show all)? (? for menu, Esc to quit)
Your +0 dagger of venom stops dripping with poison.
You are now empty-handed.
You recover from your berserk rage.
There is a stone staircase leading down here.
You climb downwards.
There is a stone staircase leading up here.
Found a stone staircase leading down.
Found 19 stones.
There is a stone staircase leading down here.
You climb downwards.
You are feeling hungry.
There is a stone staircase leading up here.
Found a hide-covered altar of Uskayaw.
There is a hide-covered altar of Uskayaw here.
You kneel at the altar of Uskayaw.
Uskayaw welcomes you!
You can now stomp with the beat.
You open the door.
There is an open door here.
You open the door.
Found 14 gold pieces.
There is an open door here.
All of the chunks of flesh in your inventory have rotted away.
You now have 126 gold pieces (gained 14).
Why would you want to do that? Why would you want to do that?
Unknown command.
Are you sure you want to abandon this character and quit the game? (Confirm with "yes".)

.....# ###.....# #..
.. .. #.......# #....≈
... #.#.....#
#...≈#≈... ._......#
#..≈..#≈. #.####+##
#.≈#...#≈ ...#....#
#..≈#...#.. ...#....#
#...≈#...# ...'....#
#..@.≈# ...#....#
#...≈#.#
######'#######..≈#...#
#..............≈#...#
#...............≈#...#
#................≈#.#≈
#.................≈#≈#
+............###...≈##
#............# ...##


There were no monsters in sight!

Vanquished Creatures
  A phantom (D:4)
  2 adders (D:2)
  2 worms (D:2)
  A dart slug (D:1)
  2 leopard geckos
  10 hobgoblins
  4 jackals
  7 kobolds
  6 bats
  3 frilled lizards (D:1)
  4 goblins
  10 rats
52 creatures vanquished.

Notes
Turn   | Place    | Note
-------+----------+-------------------------------------------
     0 | D:1      | tidbits the Draconian Monk began the quest for the Orb.
     0 | D:1      | Reached XP level 1. HP: 19/19 MP: 1/1
   137 | D:1      | Reached XP level 2. HP: 26/26 MP: 2/2
   287 | D:1      | Reached skill level 4 in Unarmed Combat
   367 | D:2      | Found a shattered altar of Ashenzari.
   417 | D:1      | Reached XP level 3. HP: 23/31 MP: 3/3
   492 | D:2      | Found a stormy altar of Qazlal.
   589 | D:2      | Found a blossoming altar of Fedhas.
   717 | D:2      | Reached XP level 4. HP: 13/38 MP: 4/4
   788 | D:2      | Reached skill level 5 in Unarmed Combat
   869 | D:4      | Noticed a phantom
   883 | D:4      | Killed a phantom
   883 | D:4      | Reached skill level 6 in Unarmed Combat
   883 | D:4      | Reached XP level 5. HP: 19/45 MP: 5/5
   928 | D:5      | Entered Level 5 of the Dungeon
   941 | D:6      | Found a hide-covered altar of Uskayaw.
   944 | D:6      | Became a worshipper of Uskayaw the Reveler
   944 | D:6      | Reached * piety under Uskayaw
   965 | D:6      | Quit the game

Vault maps used:
D:1:      noname_arrival_rooms_in_the_neighbourhood
D:2:      grunt_temple_overflow_forces_of_nature, ashenzari_altar_1, first_bread
D:3:      nicolae_tso_swordbearing_angel
D:4:      nemelex_xobeh_ov_fountains_minmay, minmay_temple_entry_poolview,
          uniq_menkaure, uniq_blork_the_orc
D:5:      serial_shops, nicolae_shop_stone,
          nicolae_shop_competitors_out_of_business, dk_noncrumbling_2
D:6:      lemuel_crystal_altar, nicolae_dithmenos_shadow_blocks,
          kennysheep_mini, serial_shops, shop, nicolae_water_bricks

Skill      XL: |  1  2  3  4 |
---------------+-------------+-----
Unarmed Combat | 4 6 |  6.0
Fighting       | |  3.2
Dodging        | |  2.6
Stealth        | |  1.7

Action                   |  1- 3 |  4- 6 || total
-------------------------+-------+-------++-------
Melee: Unarmed           |   145 |    34 ||   179
       Tailslap          |    15 |     3 ||    18
       Punch             |     2 |     1 ||     3
  Use: Scroll            |       |     1 ||     1
       Potion            |       |     1 ||     1
 Stab: Sleeping          |     2 |       ||     2
Armor: Skin              |    41 |     9 ||    50
Dodge: Dodged            |    78 |    16 ||    94

Table legend:
 A = Spawn XP
 B = Non-spawn XP
 C = Spawn XP percentage of total XP
 D = Spawn monster count
 E = Non-spawn monster count
 F = Spawn count percentage of total count
 G = Total turns spent on level
                    A         B        C        D         E        F      G
               +---------+---------+-------+---------+---------+-------+---------
         Total |       0 |     237 |   0.0 |       0 |      52 |   0.0 |   965
               +---------+---------+-------+---------+---------+-------+---------
           D:1 |       0 |      43 |   0.0 |       0 |      26 |   0.0 |   446
           D:2 |       0 |      63 |   0.0 |       0 |      21 |   0.0 |   359
           D:3 |       0 |       4 |   0.0 |       0 |       3 |   0.0 |    56
           D:4 |       0 |     127 |   0.0 |       0 |       2 |   0.0 |    67
               +---------+---------+-------+---------+---------+-------+---------

Table legend:
 A = Turns spent in this place as a percentage of turns spent in the entire game.
 B = Non-inter-level travel turns spent in this place as a percentage of non-inter-level travel turns spent in the entire game.
 C = Inter-level travel turns spent in this place as a percentage of turns spent in this place.
 D = Turns resting spent in this place as a percentage of non-inter-level travel turns spent in this place.
 E = Turns spent auto-exploring this place as a percentage of non-inter-level travel turns spent in this place.
 F = Non-inter-level travel turns spent in this place divided by the number of levels of this place that you've seen.
                   A       B       C       D       E      F
               +-------+-------+-------+-------+-------+----------------------
         Total | 100.0 | 100.0 |   2.7 |   0.0 |   0.0 | 156.5
       Dungeon | 100.0 | 100.0 |   2.7 |   0.0 |   0.0 | 156.5
               +-------+-------+-------+-------+-------+----------------------

Table legend:
 A = Kills in this place as a percentage of kills in entire the game.
 B = Kills by you in this place as a percentage of kills by you in the entire game.
 C = Kills by friends in this place as a percentage of kills by friends in the entire game.
 D = Other kills in this place as a percentage of other kills in the entire game.
 E = Experience gained in this place as a percentage of experience gained in the entire game.
 F = Experience gained in this place divided by the number of levels of this place that you have seen.
                   A       B       C       D       E      F
               +-------+-------+-------+-------+-------+----------------------
         Total | 100.0 | 100.0 |   N/A |   N/A | 100.0 |  39.5
       Dungeon | 100.0 | 100.0 |   N/A |   N/A | 100.0 |  39.5
               +-------+-------+-------+-------+-------+----------------------

Vault maps used:
D:1:      noname_arrival_rooms_in_the_neighbourhood
D:2:      grunt_temple_overflow_forces_of_nature, ashenzari_altar_1, first_bread
D:3:      nicolae_tso_swordbearing_angel
D:4:      nemelex_xobeh_ov_fountains_minmay, minmay_temple_entry_poolview,
          uniq_menkaure, uniq_blork_the_orc
D:5:      serial_shops, nicolae_shop_stone,
          nicolae_shop_competitors_out_of_business, dk_noncrumbling_2
D:6:      lemuel_crystal_altar, nicolae_dithmenos_shadow_blocks,
          kennysheep_mini, serial_shops, shop, nicolae_water_bricks
